 Dungeon Crawl Stone Soup version 0.29.0-4-gdea44cf6ec (webtiles) character file.

Game seed: 5364397406404796590

10792 qw the Grappler (level 11, -5/115 HPs)
             Began as a Troll Cinder Acolyte on Sept 3, 2022.
             Was an Initiate of Ignis.
             Killed from afar by an oklob plant (11 damage)
             ... with a splash of acid
             ... on level 1 of the Lair of Beasts.
             The game lasted 00:04:50 (8348 turns).

qw the Grappler (Troll Cinder Acolyte)              Turns: 8348, Time: 00:04:51

Health: -5/115     AC: -23   Str: 29    XL:     11   Next: 40%
Magic:  11/11      EV: 13    Int: 14    God:    Ignis [......]
Gold:   1176       SH:  0    Dex:  4    Spells: 12/12 levels left

rFire   + . .      SeeInvis .     - Unarmed
rCold   + . .      Faith    .   (no shield)
rNeg    . . .      Spirit   .   n - +1 acid dragon scales
rPois   .          Reflect  .   (helmet restricted)
rElec   +          Harm     .   b - +0 cloak "Hotaemog" {rElec Str+2 Stlth+}
rCorr   +          Rampage  .   (gloves unavailable)
Will    .....                   (boots unavailable)
Stlth   +.........              p - amulet of regeneration
HPRegen 1.89/turn               f - +4 ring of evasion
MPRegen 0.12/turn               (no ring)

@: corroded
A: large, unfitting armour, claws 3, regeneration 1, shaggy fur 1, tough skin 1,
iridescent scales 1, clever 1, cold resistance 1, robust 1
a: Renounce Religion, Rising Flame


You were on level 1 of the Lair of Beasts.
You worshipped Ignis.
Ignis was noncommittal.
You visited 2 branches of the dungeon, and saw 13 of its levels.
You also visited: Sewer.

You collected 1176 gold pieces.


Innate Abilities, Weirdness & Mutations

You are too large for most types of armour.
You have claws for hands.
Your natural rate of healing is unusually fast.
You are covered in fur. (AC +1)
You have tough skin. (AC +1)
You are partially covered in iridescent scales. (AC +2)
Your mind is acute. (Int +4, Str/Dex -1)
Your flesh is cold resistant. (rC+)
You are robust. (+10% HP)


   Skills:
 - Level 6.2 Fighting
 - Level 6.3 Throwing
 - Level 2.2 Armour
 - Level 2.2 Dodging
 + Level 14.8 Unarmed Combat
 - Level 1.0 Spellcasting
 - Level 2.1 Fire Magic


You had 12 spell levels left.
You didn't know any spells.
Your spell library contained the following spells:

 Spells                   Type           Power      Damage    Failure   Level
 Scorch                   Fire           12%        2d6       19%         2

Inventory:

Missiles
 q - 5 boomerangs
 r - a large rock (quivered)
Armour
 b - the +0 cloak "Hotaemog" (worn) {rElec Str+2 Stlth+}
   (You acquired it on level 1 of the Dungeon)

   Str:       It affects your strength (+2).
   rElec:     It insulates you from electricity.
   Stlth:     It makes you more stealthy.
 n - +1 acid dragon scales (worn)
Jewellery
 c - a ring of ice
 f - a +4 ring of evasion (left claw)
 k - a ring of fire
 p - an amulet of regeneration (around neck)
Scrolls
 a - a scroll of enchant weapon
 e - 2 scrolls of identify
Potions
 d - 7 potions of curing
 h - a potion of mutation
 i - 3 potions of haste
 j - 3 potions of might
 l - 2 potions of resistance

Dungeon Overview and Level Annotations

Branches:
Dungeon (11/15)            Temple (0/1) D:6            Lair (2/5) D:10
  Sewer (visited)
  Swamp: Lair:2-3    Shoals: Lair:2-3     Snake: Lair:2-3    Spider: Lair:2-3
    Orc: D:9-12

Altars:
Hepliaklqana

Annotations:
D:2 1 runed translucent door, Crazy Yiuf


Message History

The oklob plant spits acid at you. The splash of acid hits you! You resist.
8297 ||| DRINKING potion of heal wounds.
You feel much better. The oklob plant spits acid at you.
The splash of acid misses you. The oklob plant spits acid at you.
The splash of acid hits you! You resist. The oklob plant spits acid at you.
The splash of acid hits you! You resist. The oklob plant spits acid at you.
The splash of acid hits you! You resist.
Your fiery armour burns out.
The oklob plant spits acid at you. The splash of acid misses you.
The oklob plant spits acid at you. The splash of acid hits you! You resist.
The oklob plant spits acid at you. The splash of acid hits you! You resist.
The oklob plant spits acid at you. The splash of acid hits you! You resist.
The oklob plant spits acid at you. The splash of acid hits you! You resist.
The oklob plant spits acid at you. The splash of acid hits you! You resist.
The oklob plant spits acid at you. The splash of acid hits you! You resist.
The acid corrodes you! The oklob plant spits acid at you.
The splash of acid hits you! You resist. The acid corrodes you!
The oklob plant spits acid at you. The splash of acid hits you! You resist.
The oklob plant spits acid at you. The splash of acid hits you! You resist.
The oklob plant spits acid at you. The splash of acid hits you! You resist.
The oklob plant spits acid at you. The splash of acid hits you! You resist.
The oklob plant spits acid at you. The splash of acid hits you! You resist.
You die...

.... ###..... ### ###........
##.#### #P.PPP..... #.....#
#.PPP)... ......## #.PPP.#
#......## ###.!..#
+...8...####.....##
#.........##.##.@P#
.#........##.....## #..
###.#...8..#..##..#### ##..
............#..8.#...## ##...
............#.....#...# ##....
...8..8.>.8....>.8#...## #.....
...%..............#....## ##.....
...%........##.8.##.....# #......
.###....8..#.##.#.......###......


You could see an oklob plant.

Vanquished Creatures
  A hydra (Lair:1)
  A two-headed ogre (D:9)
  Pikel (D:6)
  An ugly thing (D:9)
  A cyclops (D:9)
  2 rust devils (D:5)
  A komodo dragon (Lair:2)
  Maggie (D:6)
  4 blink frogs (Lair:1)
  Grinder (D:4)
  A slime creature (D:9)
  A shadow (D:9)
  3 wyverns
  10 yaks
  A basilisk (D:10)
  Eustachio (D:5)
  A steam dragon (D:7)
  Menkaure (D:5)
  An acid dragon (D:10)
  Duvessa (D:5)
  3 water moccasins
  3 orc warriors
  3 sky beasts
  5 black bears
  Pargi (Sewer)
  2 ogres
  2 wolves (D:10)
  4 lemures (D:6)
  A centaur (D:8)
  2 phantoms
  4 bullfrogs
  2 kobold brigands
  A necrophage (D:6)
  A scorpion (D:4)
  Dowan (D:5)
  3 killer bees (D:9)
  2 howler monkeys
  2 hounds
  3 jellies
  2 gnoll boudas
  2 orc priests
  6 iguanas
  2 orc wizards
  7 gnolls
  5 adders
  3 worms
  4 dart slugs
  16 orcs
  6 ball pythons
  4 endoplasms
  4 giant cockroaches
  8 hobgoblins
  9 jackals
  9 kobolds
  5 quokkas
  3 bats
  10 frilled lizards
  8 goblins
  2 rats (D:2)
195 creatures vanquished.

Vanquished Creatures (others)
  4 fungi (D:10)
  8 plants
12 creatures vanquished.

Grand Total: 207 creatures vanquished

Notes
Turn   | Place    | Note
-------+----------+-------------------------------------------
     0 | D:1      | qw the Troll Cinder Acolyte began the quest for the Orb.
     0 | D:1      | Reached XP level 1. HP: 22/22 MP: 1/1
     0 | D:1      | 0 ||| qw: Version: 0.1-a-100-g36b9a1f
     0 | D:1      | 0 ||| qw: Game counter: 5036
     0 | D:1      | 0 ||| qw: Always use a shield: true
     0 | D:1      | 0 ||| qw: God list: Okawaru
     0 | D:1      | 0 ||| qw: Allow faded altars: false
     0 | D:1      | 0 ||| qw: Do Orc after D:15 true
     0 | D:1      | 0 ||| qw: Do second Lair branch before Depths: true
     0 | D:1      | 0 ||| qw: Lair rune preference: random
     0 | D:1      | 0 ||| qw: Plans: Normal
     0 | D:1      | 0 ||| PLANNING D:1-11
   231 | D:1      | Reached XP level 2. HP: 29/29 MP: 2/2
   384 | D:1      | 384 ||| Stepping ~*~*~tactically~*~*~ (stealth).
   390 | D:1      | 390 ||| Stepping ~*~*~tactically~*~*~ (hiding).
   660 | D:1      | Reached skill level 4 in Unarmed Combat
   670 | D:1      | 670 ||| READING scroll labelled CAASAK TOEMUIM.
   670 | D:1      | Identified a scroll of acquirement
   670 | D:1      | 670 ||| ACQUIRING +0 cloak "Hotaemog" {rElec Str+2 Stlth+}
   670 | D:1      | Acquired the +0 cloak "Hotaemog" {rElec Str+2 Stlth+}
   672 | D:1      | 672 ||| UPGRADING to +0 cloak "Hotaemog" {rElec Str+2
                  | Stlth+}.
   677 | D:1      | 677 ||| READING 2 scrolls labelled YLURIR OPSONOO.
   678 | D:1      | 678 ||| READING scroll labelled RACVENL UCEMO.
   825 | D:2      | Found a faded altar of an unknown god.
   861 | D:2      | Reached XP level 3. HP: 36/36 MP: 3/3
   972 | D:2      | 972 ||| Stepping ~*~*~tactically~*~*~ (stealth).
   981 | D:2      | 981 ||| Stepping ~*~*~tactically~*~*~ (outnumbered).
   982 | D:2      | 982 ||| INVOKING Fiery Armour.
  1095 | D:2      | Found a runed translucent door.
  1096 | D:2      | Noticed Crazy Yiuf
  1135 | D:2      | 1135 ||| Stepping ~*~*~tactically~*~*~ (stealth).
  1149 | D:2      | 1149 ||| Stepping ~*~*~tactically~*~*~ (stealth).
  1152 | D:2      | 1152 ||| Stepping ~*~*~tactically~*~*~ (stealth).
  1440 | D:2      | 1440 ||| READING scroll labelled KADDESMYIFOZ.
  1441 | D:2      | 1441 ||| READING scroll labelled BOIGIU ROCOJO.
  1498 | D:2      | 1498 ||| READING scroll labelled AFOHEROPRUE.
  1499 | D:2      | 1499 ||| READING scroll labelled JOSHRUW PAEM.
  1500 | D:2      | 1500 ||| DRINKING 2 lumpy pink potions.
  1501 | D:2      | 1501 ||| DRINKING 2 metallic puce potions.
  1502 | D:2      | 1502 ||| READING 2 scrolls of identify.
  1502 | D:2      | 1502 ||| IDENTIFYING emerald potion
  1548 | D:3      | 1548 ||| FLEEEEING.
  1549 | D:3      | 1549 ||| FLEEEEING.
  1550 | D:3      | 1550 ||| FLEEEEING.
  1551 | D:3      | 1551 ||| FLEEEEING.
  1552 | D:3      | 1552 ||| FLEEEEING.
  1553 | D:3      | 1553 ||| FLEEEEING.
  1554 | D:3      | 1554 ||| FLEEEEING.
  1555 | D:3      | 1555 ||| FLEEEEING.
  1556 | D:3      | 1556 ||| STAIRDANCE
  1686 | D:3      | Reached XP level 4. HP: 44/44 MP: 4/4
  1819 | D:3      | Reached skill level 5 in Unarmed Combat
  1834 | D:3      | 1834 ||| Stepping ~*~*~tactically~*~*~ (outnumbered).
  1840 | D:3      | 1840 ||| Stepping ~*~*~tactically~*~*~ (hiding).
  2097 | D:3      | 2097 ||| Stepping ~*~*~tactically~*~*~ (stealth).
  2098 | D:3      | 2098 ||| Stepping ~*~*~tactically~*~*~ (stealth).
  2103 | D:3      | 2103 ||| Stepping ~*~*~tactically~*~*~ (stealth).
  2104 | D:3      | 2104 ||| Stepping ~*~*~tactically~*~*~ (stealth).
  2105 | D:3      | 2105 ||| Stepping ~*~*~tactically~*~*~ (stealth).
  2143 | D:3      | 2143 ||| READING 2 scrolls of identify.
  2143 | D:3      | 2143 ||| IDENTIFYING grey potion
  2144 | D:3      | 2144 ||| DROPPING potion of brilliance.
  2189 | D:4      | Noticed an ogre
  2195 | D:4      | Killed an ogre
  2196 | D:4      | Reached skill level 6 in Unarmed Combat
  2196 | D:4      | Reached XP level 5. HP: 41/50 MP: 5/5
  2253 | D:4      | 2253 ||| Stepping ~*~*~tactically~*~*~ (stealth).
  2258 | D:4      | 2258 ||| Stepping ~*~*~tactically~*~*~ (stealth).
  2275 | D:4      | 2275 ||| Stepping ~*~*~tactically~*~*~ (stealth).
  2351 | D:4      | 2351 ||| Stepping ~*~*~tactically~*~*~ (hiding).
  2359 | D:4      | Reached XP level 6. HP: 51/59 MP: 6/6
  2380 | D:4      | Noticed Grinder
  2381 | D:4      | 2381 ||| Stepping ~*~*~tactically~*~*~ (hiding).
  2483 | D:4      | 2483 ||| Stepping ~*~*~tactically~*~*~ (hiding).
  2585 | D:4      | 2585 ||| Stepping ~*~*~tactically~*~*~ (hiding).
  2587 | D:4      | Paralysed by Grinder for 5 turns
  2595 | D:4      | 2595 ||| INVOKING Fiery Armour.
  2599 | D:4      | HP: 14/59 [Grinder (7)]
  2599 | D:4      | Killed Grinder
  2600 | D:4      | Reached skill level 7 in Unarmed Combat
  2753 | D:4      | Reached skill level 8 in Unarmed Combat
  2753 | D:4      | Reached XP level 7. HP: 63/66 MP: 7/7
  3123 | D:4      | Found a hazy altar of Hepliaklqana.
  3148 | D:4      | 3148 ||| Stepping ~*~*~tactically~*~*~ (stealth).
  3150 | D:4      | 3150 ||| Stepping ~*~*~tactically~*~*~ (stealth).
  3151 | D:4      | 3151 ||| Stepping ~*~*~tactically~*~*~ (stealth).
  3173 | D:4      | 3173 ||| DROPPING orb of wrath.
  3174 | D:4      | 3174 ||| READING scroll labelled DAQAPL PUMUNA.
  3175 | D:4      | 3175 ||| READING scroll labelled DAROTI WA RYUS.
  3194 | D:5      | Entered Level 5 of the Dungeon
  3208 | D:5      | 3208 ||| Stepping ~*~*~tactically~*~*~ (stealth).
  3211 | D:5      | Reached skill level 3 in Fighting
  3213 | D:5      | 3213 ||| Stepping ~*~*~tactically~*~*~ (stealth).
  3236 | D:5      | 3236 ||| Stepping ~*~*~tactically~*~*~ (stealth).
  3354 | D:5      | Noticed Dowan
  3355 | D:5      | 3355 ||| Stepping ~*~*~tactically~*~*~ (hiding).
  3457 | D:5      | 3457 ||| Stepping ~*~*~tactically~*~*~ (hiding).
  3461 | D:5      | Noticed Duvessa
  3466 | D:5      | Killed Dowan
  3485 | D:5      | 3485 ||| INVOKING Fiery Armour.
  3487 | D:5      | Killed Duvessa
  3488 | D:5      | Reached skill level 9 in Unarmed Combat
  3545 | D:5      | Noticed Menkaure
  3546 | D:5      | 3546 ||| Stepping ~*~*~tactically~*~*~ (hiding).
  3551 | D:5      | Killed Menkaure
  3552 | D:5      | Reached XP level 8. HP: 75/75 MP: 8/8
  3571 | D:5      | 3571 ||| Stepping ~*~*~tactically~*~*~ (stealth).
  3573 | D:5      | 3573 ||| Stepping ~*~*~tactically~*~*~ (stealth).
  3575 | D:5      | 3575 ||| Stepping ~*~*~tactically~*~*~ (stealth).
  3586 | D:5      | 3586 ||| Stepping ~*~*~tactically~*~*~ (stealth).
  3587 | D:5      | 3587 ||| Stepping ~*~*~tactically~*~*~ (stealth).
  3588 | D:5      | 3588 ||| Stepping ~*~*~tactically~*~*~ (stealth).
  3590 | D:5      | 3590 ||| Stepping ~*~*~tactically~*~*~ (stealth).
  3592 | D:5      | 3592 ||| Stepping ~*~*~tactically~*~*~ (stealth).
  3607 | D:5      | Noticed Eustachio
  3620 | D:5      | 3620 ||| Stepping ~*~*~tactically~*~*~ (outnumbered).
  3624 | D:5      | Killed Eustachio
  3630 | D:5      | 3630 ||| Stepping ~*~*~tactically~*~*~ (stealth).
  3633 | D:5      | 3633 ||| Stepping ~*~*~tactically~*~*~ (stealth).
  3634 | D:5      | 3634 ||| Stepping ~*~*~tactically~*~*~ (stealth).
  3635 | D:5      | 3635 ||| Stepping ~*~*~tactically~*~*~ (stealth).
  3873 | D:5      | 3873 ||| Stepping ~*~*~tactically~*~*~ (stealth).
  3876 | D:5      | 3876 ||| Stepping ~*~*~tactically~*~*~ (stealth).
  3878 | D:5      | 3878 ||| Stepping ~*~*~tactically~*~*~ (stealth).
  3880 | D:5      | 3880 ||| Stepping ~*~*~tactically~*~*~ (stealth).
  4091 | D:5      | 4091 ||| UPGRADING to amulet of regeneration.
  4096 | D:5      | 4096 ||| UPGRADING to +4 ring of evasion.
  4097 | D:5      | 4097 ||| DRINKING 2 murky white potions.
  4098 | D:5      | 4098 ||| DROPPING potion of magic.
  4149 | D:6      | 4149 ||| PLANNING SEWER
  4348 | D:6      | 4348 ||| Stepping ~*~*~tactically~*~*~ (stealth).
  4368 | D:6      | Noticed Maggie
  4370 | D:6      | 4370 ||| FLEEEEING.
  4375 | D:6      | Noticed Pikel
  4377 | D:6      | 4377 ||| INVOKING Fiery Armour.
  4378 | D:6      | 4378 ||| Stepping ~*~*~tactically~*~*~ (outnumbered).
  4381 | D:6      | Reached skill level 10 in Unarmed Combat
  4393 | D:6      | Killed Maggie
  4394 | D:6      | 4394 ||| Stepping ~*~*~tactically~*~*~ (outnumbered).
  4395 | D:6      | 4395 ||| Stepping ~*~*~tactically~*~*~ (outnumbered).
  4396 | D:6      | 4396 ||| Stepping ~*~*~tactically~*~*~ (outnumbered).
  4402 | D:6      | 4402 ||| Stepping ~*~*~tactically~*~*~ (outnumbered).
  4412 | D:6      | Killed Pikel
  4413 | D:6      | Reached XP level 9. HP: 45/87 MP: 9/9
  4446 | D:6      | Found a staircase to the Ecumenical Temple.
  4468 | D:6      | 4468 ||| Stepping ~*~*~tactically~*~*~ (stealth).
  4474 | D:6      | Found a glowing drain.
  4475 | D:6      | 4475 ||| UPGRADING to +0 steam dragon scales.
  4485 | D:6      | 4485 ||| DROPPING +0 robe.
  4486 | D:6      | 4486 ||| READING scroll of enchant armour.
  4486 | D:6      | 4486 ||| ENCHANTING +0 steam dragon scales.
  4495 | Sewer    | Entered a sewer
  4514 | Sewer    | Noticed Pargi
  4523 | Sewer    | Killed Pargi
  4524 | Sewer    | Reached skill level 1 in Armour
  4556 | Sewer    | 4556 ||| READING scroll of acquirement.
  4556 | Sewer    | 4556 ||| ACQUIRING 717 gold pieces
  4556 | Sewer    | Acquired 717 gold pieces
  4608 | Sewer    | 4608 ||| DRINKING 2 silvery potions.
  4608 | Sewer    | Gained mutation: Your mind is acute. (Int +4, Str/Dex -1)
                  | [potion of mutation]
  4608 | Sewer    | Gained mutation: Your flesh is cold resistant. (rC+)
                  | [potion of mutation]
  4608 | Sewer    | Gained mutation: You are robust. (+10% HP) [potion of
                  | mutation]
  4608 | Sewer    | Gained mutation: You are partially covered in iridescent
                  | scales. (AC +2) [potion of mutation]
  4613 | Sewer    | 4613 ||| DRINKING 3 ruby potions.
  4621 | D:6      | 4621 ||| PLANNING D:1-11
  4788 | D:6      | 4788 ||| READING scroll labelled VAQANK MOLAUFAT.
  4789 | D:6      | 4789 ||| READING 2 scrolls of identify.
  4789 | D:6      | 4789 ||| IDENTIFYING bubbling white potion
  4795 | D:6      | Reached skill level 11 in Unarmed Combat
  4826 | D:5      | Noticed a rust devil
  4826 | D:5      | Noticed a rust devil
  4827 | D:5      | 4827 ||| INVOKING Fiery Armour.
  4834 | D:5      | 4834 ||| Stepping ~*~*~tactically~*~*~ (outnumbered).
  4836 | D:5      | Killed a rust devil
  4843 | D:5      | 4843 ||| DRINKING potion of cancellation.
  4856 | D:5      | Killed a rust devil
  4857 | D:5      | Reached skill level 12 in Unarmed Combat
  4976 | D:5      | 4976 ||| READING 2 scrolls of teleportation.
  5366 | D:7      | 5366 ||| INVOKING Fiery Armour.
  5457 | D:7      | 5457 ||| Stepping ~*~*~tactically~*~*~ (outnumbered).
  5591 | D:7      | 5591 ||| Stepping ~*~*~tactically~*~*~ (outnumbered).
  5603 | D:7      | Reached XP level 10. HP: 93/105 MP: 10/10
  5770 | D:7      | 5770 ||| READING scroll labelled XEHAMO ISYU.
  5771 | D:7      | 5771 ||| READING 2 scrolls labelled WUVAKL HUKO.
  5772 | D:7      | 5772 ||| DRINKING 2 bubbling golden potions.
  5773 | D:7      | 5773 ||| DROPPING potion of flight.
  5774 | D:7      | 5774 ||| DROPPING scroll of fog.
  5783 | D:8      | You are sucked into a shaft and drop 3 floors!
  5787 | D:10     | Entered Level 10 of the Dungeon
  5869 | D:10     | 5869 ||| INVOKING Fiery Armour.
  5871 | D:10     | 5871 ||| Stepping ~*~*~tactically~*~*~ (outnumbered).
  5875 | D:10     | Reached skill level 13 in Unarmed Combat
  5880 | D:10     | 5880 ||| Stepping ~*~*~tactically~*~*~ (outnumbered).
  5882 | D:10     | 5882 ||| Stepping ~*~*~tactically~*~*~ (outnumbered).
  5883 | D:10     | 5883 ||| Stepping ~*~*~tactically~*~*~ (outnumbered).
  5884 | D:10     | 5884 ||| Stepping ~*~*~tactically~*~*~ (outnumbered).
  5885 | D:10     | 5885 ||| Stepping ~*~*~tactically~*~*~ (outnumbered).
  5886 | D:10     | 5886 ||| Stepping ~*~*~tactically~*~*~ (outnumbered).
  5888 | D:10     | 5888 ||| Stepping ~*~*~tactically~*~*~ (outnumbered).
  5889 | D:10     | 5889 ||| Stepping ~*~*~tactically~*~*~ (outnumbered).
  5905 | D:10     | Found a staircase to the Lair.
  5955 | D:10     | 5955 ||| UPGRADING to +0 acid dragon scales.
  5965 | D:10     | 5965 ||| DROPPING +1 steam dragon scales.
  5981 | D:9      | 5981 ||| READING scroll of enchant armour.
  5981 | D:9      | 5981 ||| ENCHANTING +0 acid dragon scales.
  6009 | D:9      | Noticed a two-headed ogre
  6019 | D:9      | Killed a two-headed ogre
  6020 | D:9      | Reached skill level 14 in Unarmed Combat
  6097 | D:9      | Noticed a brown ugly thing
  6100 | D:9      | Noticed a cyclops
  6117 | D:9      | Killed a brown ugly thing
  6118 | D:9      | Reached skill level 6 in Fighting
  6119 | D:9      | Killed a cyclops
  6159 | D:9      | Reached skill level 3 in Throwing
  6206 | D:9      | 6206 ||| READING scroll labelled QASKAU BAOT.
  6320 | D:8      | 6320 ||| Stepping ~*~*~tactically~*~*~ (hiding).
  6343 | D:8      | 6343 ||| Stepping ~*~*~tactically~*~*~ (stealth).
  6345 | D:8      | 6345 ||| Stepping ~*~*~tactically~*~*~ (stealth).
  6348 | D:8      | 6348 ||| Stepping ~*~*~tactically~*~*~ (stealth).
  6350 | D:8      | 6350 ||| Stepping ~*~*~tactically~*~*~ (stealth).
  6360 | D:8      | 6360 ||| Stepping ~*~*~tactically~*~*~ (stealth).
  6402 | D:8      | Identified the +1 ring mail of the Heavens {Regen+ MP+9
                  | Str+3}
  6621 | D:8      | 6621 ||| Stepping ~*~*~tactically~*~*~ (stealth).
  6632 | D:8      | Reached XP level 11. HP: 108/115 MP: 11/11
  6637 | D:8      | 6637 ||| Stepping ~*~*~tactically~*~*~ (stealth).
  6648 | D:8      | 6648 ||| Stepping ~*~*~tactically~*~*~ (outnumbered).
  6797 | D:8      | 6797 ||| Stepping ~*~*~tactically~*~*~ (hiding).
  6798 | D:8      | 6798 ||| Stepping ~*~*~tactically~*~*~ (hiding).
  7009 | D:8      | 7009 ||| PLANNING LAIR
  7009 | D:8      | 7009 ||| READING 4 scrolls of identify.
  7009 | D:8      | 7009 ||| IDENTIFYING bubbling purple potion
  7010 | D:8      | 7010 ||| READING 3 scrolls of identify.
  7010 | D:8      | 7010 ||| IDENTIFYING cyan potion
  7011 | D:8      | 7011 ||| DROPPING potion of lignification.
  7012 | D:8      | 7012 ||| DROPPING potion of degeneration.
  7096 | D:9      | 7096 ||| Stepping ~*~*~tactically~*~*~ (stealth).
  7182 | Lair:1   | Entered Level 1 of the Lair of Beasts
  7188 | Lair:1   | 7188 ||| Stepping ~*~*~tactically~*~*~ (outnumbered).
  7191 | Lair:1   | 7191 ||| Stepping ~*~*~tactically~*~*~ (outnumbered).
  7192 | Lair:1   | 7192 ||| Stepping ~*~*~tactically~*~*~ (outnumbered).
  7193 | Lair:1   | 7193 ||| Stepping ~*~*~tactically~*~*~ (outnumbered).
  7194 | Lair:1   | 7194 ||| Stepping ~*~*~tactically~*~*~ (outnumbered).
  7195 | Lair:1   | 7195 ||| Stepping ~*~*~tactically~*~*~ (outnumbered).
  7196 | Lair:1   | 7196 ||| Stepping ~*~*~tactically~*~*~ (outnumbered).
  7197 | Lair:1   | 7197 ||| Stepping ~*~*~tactically~*~*~ (outnumbered).
  7198 | Lair:1   | 7198 ||| Stepping ~*~*~tactically~*~*~ (outnumbered).
  7200 | Lair:1   | 7200 ||| Stepping ~*~*~tactically~*~*~ (outnumbered).
  7228 | Lair:1   | Noticed a five-headed hydra
  7229 | Lair:1   | 7229 ||| INVOKING Fiery Armour.
  7231 | Lair:1   | Killed a seven-headed hydra
  7232 | Lair:1   | Reached skill level 6 in Throwing
  7255 | Lair:1   | Noticed an oklob plant
  7330 | Lair:1   | 7330 ||| INVOKING Fiery Armour.
  7409 | Lair:1   | 7409 ||| READING 2 scrolls of teleportation.
  7591 | Lair:1   | 7591 ||| Stepping ~*~*~tactically~*~*~ (stealth).
  7597 | Lair:1   | 7597 ||| INVOKING Fiery Armour.
  7698 | Lair:1   | 7698 ||| INVOKING Fiery Armour.
  7708 | Lair:1   | 7708 ||| READING scroll of teleportation.
  7984 | Lair:1   | You fall into a shaft and drop 1 floor!
  8053 | Lair:2   | 8053 ||| DROPPING +6 ring of intelligence.
  8065 | Lair:1   | 8065 ||| INVOKING Fiery Armour.
  8158 | Lair:1   | HP: 25/115 [oklob plant/splash of acid (8)]
  8159 | Lair:1   | 8159 ||| DRINKING 4 potions of heal wounds.
  8168 | Lair:1   | 8168 ||| INVOKING Fiery Armour.
  8186 | Lair:1   | HP: 22/115 [oklob plant/splash of acid (15)]
  8187 | Lair:1   | 8187 ||| DRINKING 3 potions of heal wounds.
  8230 | Lair:1   | HP: 25/115 [oklob plant/splash of acid (17)]
  8231 | Lair:1   | 8231 ||| DRINKING 2 potions of heal wounds.
  8296 | Lair:1   | HP: 28/115 [oklob plant/splash of acid (14)]
  8297 | Lair:1   | 8297 ||| DRINKING potion of heal wounds.
  8318 | Lair:1   | HP: 26/115 [oklob plant/splash of acid (15)]
  8323 | Lair:1   | HP: 16/115 [oklob plant/splash of acid (10)]
  8328 | Lair:1   | HP: 19/115 [oklob plant/splash of acid (7)]
  8339 | Lair:1   | HP: 21/115 [oklob plant/splash of acid (8)]
  8345 | Lair:1   | HP: 13/115 [oklob plant/splash of acid (9)]
  8346 | Lair:1   | HP: 2/115 [oklob plant/splash of acid (13)]
  8348 | Lair:1   | Killed from afar by an oklob plant

Levels and vault maps discovered:
D:1:      minmay_arrival_stone_box, layout_basic
D:2:      layout_loops_ring, ebering_ecumenical_altar_hall,
          uniq_crazy_yiuf_cottage
D:3:      layout_rooms, kennysheep_generic_room_6
D:4:      layout_loops_ring, nicolae_hepliaklqana_hippocampus,
          hangedman_feature_mirror, nicolae_figureground_sparkle, uniq_grinder
D:5:      cheibrodos_iron_armory, layout_loops_ring, reono_crystal_passage,
          uniq_duvessa, uniq_eustachio, uniq_menkaure
D:6:      layout_basic, minmay_temple_entry_purple_smoke,
          cheibrodos_sewer_entry_sluice, kennysheep_minor_cross, uniq_maggie,
          uniq_pikel
D:7:      layout_cave_pods, st_stairs_1, serial_bayou_pond_d,
          nicolae_concentric_dashed_squares_mild, eino_tiny_chamber,
          kennysheep_crisscross
D:8:      layout_basic
D:9:      minmay_chambers_of_sixes, layout_small_grid, enter_bailey_2
D:10:     layout_gridville, minmay_lair_entry_grove, serial_shops,
          nicolae_shop_hallway_plus
D:11:     layout_roguey, uniq_snorg, uniq_nergalle
Lair:1:   layout_cave_pods, minmay_lair_oklob_bushes, grunt_megastairs_3
Lair:2:   layout_long_grid, hellmonk_spider_entry_not_the_bees,
          dreamdust_mushroom_princess, grunt_megastairs_1,
          infiniplex_staircase_pool_2

Skill      XL: |  1  2  3  4  5  6  7  8  9 10 11 |
---------------+----------------------------------+-----
Unarmed Combat | 4 6 8 9 10 12 14 | 14.8
Fighting       | 3 4 5 6 |  6.2
Throwing       | 2 4 6 |  6.3
Dodging        | 2 |  2.2
Armour         | 1 2 |  2.2
Spellcasting   | |  1.0
Fire Magic     | |  2.1

Action                   |  1- 3 |  4- 6 |  7- 9 | 10-12 || total
-------------------------+-------+-------+-------+-------++-------
Melee: Unarmed           |    87 |    64 |   196 |   179 ||   526
       Punch             |       |     2 |     3 |    12 ||    17
Throw: Boomerang         |       |       |    66 |    13 ||    79
       Large rock        |       |       |       |    19 ||    19
Invok: Fiery Armour      |     1 |     1 |     4 |     7 ||    13
  Use: Scroll            |     8 |     1 |     7 |     8 ||    24
       Potion            |     2 |       |     4 |     5 ||    11
Armor: Robe              |    34 |    19 |    31 |       ||    84
       Steam dragon scal |       |       |    34 |    20 ||    54
       Acid dragon scale |       |       |       |    43 ||    43
Dodge: Dodged            |    42 |    23 |    86 |   112 ||   263

Table legend:
 A = Non-vault XP
 B = Vault XP
 C = Vault XP percentage of total XP
 D = Non-vault monster count
 E = Vault monster count
 F = Vault count percentage of total count
                 A         B        C        D         E       F
            +---------+---------+-------+---------+---------+-------
      Total |    8553 |    6865 |  44.5 |     141 |      50 |  26.2
            +---------+---------+-------+---------+---------+-------
        D:1 |      29 |       0 |   0.0 |      14 |       0 |   0.0
        D:2 |      63 |       0 |   0.0 |      22 |       0 |   0.0
        D:3 |      24 |       2 |   7.7 |      12 |       1 |   7.7
        D:4 |     320 |     417 |  56.6 |      13 |       7 |  35.0
        D:5 |     447 |    1760 |  79.7 |      11 |       8 |  42.1
        D:6 |     550 |     982 |  64.1 |       8 |       4 |  33.3
        D:7 |     717 |     181 |  20.2 |      16 |       2 |  11.1
        D:8 |    1772 |       0 |   0.0 |      27 |       0 |   0.0
        D:9 |    1351 |    1665 |  55.2 |       6 |       6 |  50.0
       D:10 |       0 |    1722 | 100.0 |       0 |      12 | 100.0
     Lair:1 |    2913 |       0 |   0.0 |      11 |       0 |   0.0
     Lair:2 |     367 |       0 |   0.0 |       1 |       0 |   0.0
      Sewer |       0 |     136 | 100.0 |       0 |      10 | 100.0
            +---------+---------+-------+---------+---------+-------
